 Dungeon Crawl Stone Soup version 0.29.1-15-g9cfb28693d (webtiles) character file.

Game seed: 13656243953406064150

181 Eitelfritz the Chopper (level 5, -1/46 HPs)
             Began as a Hill Orc Fighter on Apr 8, 2023.
             Was an Initiate of the Shining One.
             Slain by an orc priest
             ... wielding a +0 whip
              (5 damage)
             ... on level 4 of the Dungeon.
             The game lasted 00:05:42 (2949 turns).

Eitelfritz the Chopper (Hill Orc Fighter)           Turns: 2949, Time: 00:05:43

Health: -1/46      AC:  7    Str: 21    XL:     5   Next: 61%
Magic:  5/5        EV:  9    Int:  8    God:    the Shining One [......]
Gold:   89         SH:  5    Dex: 10    Spells: 4/4 levels left

rFire   . . .      SeeInvis .   a - +0 war axe
rCold   . . .      Faith    .   c - +1 buckler
rNeg    . . .      Spirit   .   m - +0 scale mail
rPois   .          Reflect  .   (no helmet)
rElec   .          Harm     .   (no cloak)
rCorr   .          Rampage  .   (no gloves)
Will    .....                   (no boots)
Stlth   ..........              (no amulet)
HPRegen 0.15/turn               (no ring)
MPRegen 0.09/turn               (no ring)

@: glowing
A: no striking features
a: Renounce Religion, Convert to Beogh


You were on level 4 of the Dungeon.
You worshipped the Shining One.
The Shining One was noncommittal.
You visited 1 branch of the dungeon, and saw 4 of its levels.

You collected 168 gold pieces.
You spent 79 gold pieces at shops.

Inventory:

Hand Weapons
 a - a +0 war axe (weapon)
 b - a +0 sling
 v - a +0 flail
Missiles
 f - 6 atropa-tipped darts (quivered)
 r - 3 boomerangs
 t - 3 poisoned darts
Armour
 c - a +1 buckler (worn)
 m - a +0 scale mail (worn)
Scrolls
 g - 2 scrolls of immolation
 i - 2 scrolls of teleportation
 j - a scroll of fear {unknown}
 k - a scroll of vulnerability
Potions
 d - 2 potions of might
 e - a potion of heal wounds {unknown}
 h - a potion of mutation
 l - 2 potions of cancellation
 o - 2 potions of lignification
 p - 2 potions of brilliance
 s - a potion of magic {unknown}
 u - a potion of haste {unknown}


   Skills:
 + Level 4.1 Fighting
 + Level 5.1 Axes
 + Level 4.6 Armour
 + Level 0.9 Dodging
 + Level 0.2 Stealth
 + Level 3.5 Shields
 * Level 0.6 Invocations


You had 4 spell levels left.
You didn't know any spells.
Your spell library contained the following spells:

 Spells                   Type           Power      Damage    Failure   Level
 Apportation              Tloc           0%         N/A       83%         1
 Sandblast                Erth           0%         2d4       83%         1
 Slow                     Hex            0%         N/A       83%         1
 Passwall                 Tmut/Erth      0%         N/A       92%         2
 Confusing Touch          Hex            0%         N/A       99%         3
 Stone Arrow              Conj/Erth      0%         3d7       99%         3
 Vampiric Draining        Necr           0%         2d6       99%         3
 Alistair's Intoxication  Tmut/Pois      0%         N/A       100%        5


Dungeon Overview and Level Annotations

Branches:
Dungeon (4/15)
 Temple: D:4-7

Altars:
Elyvilon
Nemelex Xobeh
Yredelemnul
The Shining One

Shops:
D:2 :*

Annotations:
D:3 3 runed translucent doors, sneaky's ghost, amateur NaVM


Message History

You block the orc's attack.
You completely miss the orc. The orc hits you with a +0 trident.
You hit the orc.
The orc is lightly wounded.
The orc hits you with a +0 trident. The orc hits you but does no damage. x2
You closely miss the orc.
The orc is lightly wounded.
You closely miss the orc. The orc hits you but does no damage.
You closely miss the orc.
The orc is lightly wounded.
You slash the orc!
You kill the orc!
The orc closely misses you.
An orc comes into view. It is wielding a +0 flail.
You hit the orc.
The orc is heavily wounded.
You barely miss the orc priest. The orc priest closely misses you.
The orc hits you with a +0 trident.
The orc priest shouts, "Beogh is our master!
Accept the truth or die!"
The orc priest hits you with a +0 whip. You block the orc's attack.
You barely miss the orc priest. You barely miss the orc.
The orc priest calls upon Beogh to heal the orc.
The orc's wounds heal themselves!
The orc hits you with a +0 trident.
An orc comes into view. It is wielding a +0 dagger.
The orc shouts!
You closely miss the orc priest.
The orc priest threatens, "By the altar or by the axe, you will meet Beogh!"
You hit the orc. x2
The orc priest hits you but does no damage.
The orc hits you with a +0 trident! The orc hits you with a +0 flail!
You closely miss the orc priest. You closely miss the orc. You hit the orc.
You kill the orc!
The orc priest hits you with a +0 whip.
* * * LOW HITPOINT WARNING * * *
The orc hits you with a +0 flail!
* * * LOW HITPOINT WARNING * * *
The orc hits you with a +0 flail.
* * * LOW HITPOINT WARNING * * *
The orc priest hits you with a +0 whip.
You die...

.... ..... .. ...... ####.
#...# .o. ...... #...##o...
...... ......... ......
####+###........ ......
#........# .#... ##....
#........# ..... ......
#.......o####...## #.....
#.......o@o....... .......
#.####.....)#...#####.......
#......###..#.#.# ##.#.....
#######.###....# # #........
..............># #..#.....
####.##......#.# #........ #
#####.##.#.####..#.....
#.##.#.............
#.##.######.......#


You could see an orc priest and 2 orcs.

Vanquished Creatures
  A scorpion zombie (D:3)
  An orc wizard (D:3)
  A hound zombie (D:3)
  3 gnolls (D:3)
  2 adders
  A dart slug (D:3)
  8 orcs
  2 bats
  5 endoplasms
  3 giant cockroaches
  3 goblins
  4 hobgoblins
  4 jackals (D:4)
  A quokka (D:2)
  14 ball pythons
  2 frilled lizards (D:3)
  2 kobolds
  6 rats
63 creatures vanquished.

Notes
Turn   | Place    | Note
-------+----------+-------------------------------------------
     0 | D:1      | Eitelfritz the Hill Orc Fighter began the quest for the
                  | Orb.
     0 | D:1      | Reached XP level 1. HP: 19/19 MP: 1/1
   102 | D:1      | Reached XP level 2. HP: 23/27 MP: 2/2
   237 | D:1      | Reached skill level 3 in Axes
   812 | D:2      | Reached XP level 3. HP: 23/33 MP: 3/3
  1083 | D:2      | Found Anec's Book Emporium.
  1089 | D:2      | Found Etryt's Assorted Antiques.
  1118 | D:2      | Bought a scroll labelled JERESM JIDAZEL for 22 gold pieces
  1118 | D:2      | Bought a dark potion for 19 gold pieces
  1118 | D:2      | Bought a coppery potion for 19 gold pieces
  1171 | D:2      | Found a faded altar of an unknown god.
  1290 | D:2      | Found a glowing golden altar of the Shining One.
  1442 | D:2      | Became a worshipper of the Shining One
  1462 | D:3      | Found a runed translucent gate.
  1462 | D:3      | Found a runed translucent gate.
  1462 | D:3      | Found a runed translucent gate.
  1462 | D:3      | Noticed sneaky's ghost (amateur NaVM)
  1464 | D:3      | Found a basalt altar of Yredelemnul.
  1486 | D:3      | Reached skill level 4 in Axes
  1486 | D:3      | Reached XP level 4. HP: 23/40 MP: 4/4
  1786 | D:3      | Identified the +2 robe of Light {Rampage +Inv Int-3 Stlth-}
  1823 | D:3      | Reached XP level 5. HP: 21/46 MP: 5/5
  2025 | D:3      | Found a sparkling altar of Nemelex Xobeh.
  2087 | D:3      | Reached skill level 5 in Axes
  2099 | D:3      | Found a white marble altar of Elyvilon.
  2482 | D:2      | Bought a murky orange potion for 19 gold pieces
  2587 | D:4      | Identified the +1 quarterstaff of Lyteh {elec, rC+}
  2949 | D:4      | Slain by an orc priest

Illustrated notes

Levels and vault maps discovered:
D:1:      matt_arrival_diagonals, layout_basic, minmay_hexomino_p4
D:2:      layout_rooms, basic_altar, hellmonk_ecumenical_altar_blasted,
          serial_shops, shop, shop_fountains, grunt_ministairs_10
D:3:      layout_basic, mainiacjoe_overflow_24_doors,
          nicolae_yredelemnul_ghost_church, nemelex_spade_bored_becter
D:4:      layout_basic, gammafunk_ghost_smash

Skill      XL: |  1  2  3  4  5 |
---------------+----------------+-----
Axes           | 3 4 5 |  5.1
Armour         | 4 |  4.6
Fighting       | 4 |  4.1
Dodging        | |  0.9
Stealth        | |  0.2
Shields        | |  3.5
Invocations    | |  0.6

Action                   |  1- 3 |  4- 6 || total
-------------------------+-------+-------++-------
Melee: War axe           |    99 |    99 ||   198
  Use: Scroll            |       |     9 ||     9
Armor: Scale mail        |    70 |    45 ||   115
Dodge: Dodged            |    44 |    47 ||    91
Block: Buckler           |    32 |    13 ||    45
